 Dungeon Crawl Stone Soup version 0.30-b1-2-g02819fbbbe (webtiles) character file.

Game seed: 9639545003830740438

29534 sanka the Fighter (level 13, -4/114 HPs)
             Began as a Barachi Enchanter on May 19, 2023.
             Was a Believer of Vehumet.
             Slain by a catoblepas (17 damage)
             ... on level 3 of the Lair of Beasts.
             The game lasted 00:47:57 (24105 turns).

sanka the Fighter (Barachi Enchanter)              Turns: 24105, Time: 00:47:57

Health: -4/114     AC: 11    Str:  9    XL:     13   Next: 45%
Magic:  17/17      EV: 13    Int: 21    God:    Vehumet [**....]
Gold:   202        SH:  5    Dex: 13    Spells: 17/18 levels left

rFire   . . .        a - +4 scimitar (flame)
rCold   + + .        (no shield)
rNeg    . . .        J - +2 robe of Distant Worlds {rC++}
rPois   +            S - +2 helmet
rElec   .            g - +0 cloak
rCorr   .            x - +0 pair of gloves
SInv    .            T - +2 pair of slick slippers {slick, slippery, EV+4}
Will    +....        e - amulet of reflection
Stlth   ++           R - ring of willpower
HPRegen 0.39/turn    y - ring of poison resistance
MPRegen 0.15/turn

%: reflection
@: petrifying (expiring), very slow
A: amphibious, slowness 1, strong legs 2, +LOS
a: Hop, Renounce Religion


You were on level 3 of the Lair of Beasts.
You worshipped Vehumet.
Vehumet was pleased with you.
You visited 3 branches of the dungeon, and saw 15 of its levels.
You also visited: Ossuary.

You collected 1121 gold pieces.
You spent 919 gold pieces at shops.

Inventory:

Hand Weapons
 a - a +4 scimitar of flaming (weapon)
 b - the +1 falchion of Annoyance {holy, rCorr Int+4}
   (You found it on level 2 of the Dungeon)

   Int:       It affects your intelligence (+4).
   rCorr:     It protects you from acid and corrosion.
 E - a +1 dagger of venom
 G - a +2 long sword
 P - the +6 war axe of the Neverending Lives {flame, *Noise rN++ Str+3 SInv}
   (You found it on level 11 of the Dungeon)

   Str:       It affects your strength (+3).
   rN:        It greatly protects you from negative energy.
   SInv:      It lets you see invisible.
   *Noise:    It may make noises in combat.
Missiles
 w - 2 curare-tipped darts {=f}
 O - a throwing net {=f}
Armour
 g - a +0 cloak (worn)
 x - a +0 pair of gloves (worn)
 J - the +2 robe of Distant Worlds (worn) {rC++}
   (You found it on level 6 of the Dungeon)

   rC:        It greatly protects you from cold.
 S - a +2 helmet (worn)
 T - the +2 pair of slick slippers (worn) {slick, slippery, EV+4}
   (You bought it in a shop on level 2 of the Dungeon)

   Slick:     Its wearer cannot be constricted, engulfed, netted or webbed.
   Slippery:  Its wearer slips away from damaging melee attacks, pulling the
   attacker onward.
   EV:        It affects your evasion (+4).
Magical Staves
 L - a staff of cold
Jewellery
 e - an amulet of reflection (around neck)
 s - a +6 ring of intelligence
 u - a ring of fire
 y - a ring of poison resistance (right hand)
 R - a ring of willpower (left hand)
 W - a +6 ring of strength
Wands
 m - a wand of roots (10)
 M - a wand of flame (10)
 Q - a wand of paralysis (13) (quivered)
Scrolls
 c - 2 scrolls of torment {!r}
 f - 7 scrolls of teleportation {@r4}
 h - 2 scrolls of vulnerability {!r}
 j - 4 scrolls of noise {!r}
 k - 3 scrolls of enchant weapon
 l - 2 scrolls of fog {unknown}
 q - 2 scrolls of blinking
 r - 5 scrolls of amnesia
 v - 10 scrolls of enchant armour
 A - 2 scrolls of immolation {unknown}
 F - 5 scrolls of magic mapping
 V - 2 scrolls of poison {unknown}
Potions
 d - 3 potions of berserk rage {unknown}
 i - 2 potions of flight {unknown}
 n - a potion of cancellation {unknown}
 o - 7 potions of mutation {unknown}
 p - 7 potions of curing {unknown}
 t - 4 potions of attraction {unknown}
 B - a potion of heal wounds {@q2}
 C - 2 potions of brilliance
 D - a potion of might {unknown}
 H - 2 potions of resistance {unknown}
 I - 3 potions of lignification {unknown}
 K - 12 potions of degeneration {!q}
 N - 2 potions of ambrosia {unknown}
 U - a potion of invisibility


   Skills:
 + Level 14.8 Fighting
 - Level 1.1(8.3) Short Blades
 - Level 13.9(14.0) Long Blades
 + Level 13.8 Dodging
 - Level 2.6 Stealth
 - Level 3.0 Spellcasting
 - Level 3.2 Hexes
 - Level 9.0 Ice Magic


You had 17 spell levels left.
You knew the following spells:

 Your Spells              Type           Power      Damage    Failure   Level
a - Freeze                Ice            100%       1d10      1%          1

Your spell library contained the following spells:

 Spells                   Type           Power      Damage    Failure   Level
 Mephitic Cloud           Conj/Pois/Air  3%         N/A       36%         3
 Ensorcelled Hibernation  Hex/Ice        56%        N/A       1%          2
 Slow                     Hex            64%        N/A       3%          1
 Confusing Touch          Hex            16%        N/A       11%         3
 Tukima's Dance           Hex            16%        N/A       11%         3
 Sandblast                Erth           6%         2d5       13%         1
 Shock                    Conj/Air       12%        1d3       13%         1
 Blink                    Tloc           6%         N/A       21%         2
 Lesser Beckoning         Tloc           6%         N/A       21%         2
 Momentum Strike          Conj/Tloc      6%         3d8       21%         2
 Passwall                 Tmut/Erth      2%         N/A       21%         2
 Dazzling Flash           Conj/Hex       20%        N/A       21%         3
 Inner Flame              Hex/Fire       10%        N/A       21%         3
 Portal Projectile        Hex/Tloc       20%        N/A       21%         3
 Stone Arrow              Conj/Erth      6%         3d7       36%         3
 Swiftness                Air            3%         N/A       36%         3
 Airstrike                Air            1%         2d(1-17)  78%         4
 Flame Wave               Conj/Fire      3%         2d5       78%         4
 Passage of Golubria      Tloc           3%         N/A       78%         4
 Sticky Flame             Conj/Fire      3%         2d3       78%         4
 Summon Mana Viper        Hex/Summ       10%        N/A       88%         5
 Yara's Violent Unravell  Hex/Tmut       5%         3d4       88%         5
 Blade Hands              Tmut           1%         N/A       98%         5
 Summon Cactus Giant      Summ           1%         N/A       100%        6
 Haunt                    Necr/Summ      1%         N/A       100%        7


Dungeon Overview and Level Annotations

Branches:
Dungeon (11/15)            Temple (1/1) D:6            Lair (3/5) D:11
  Swamp (0/4) Lair:2        Snake (0/4) Lair:2          Orc (0/2) D:9
Ossuary (visited)

Altars:
Ashenzari
Cheibriados
Dithmenos
Elyvilon
Fedhas
Gozag
Hepliaklqana
Kikubaaqudgha
Makhleb
Nemelex Xobeh
Okawaru
Qazlal
Ru
Sif Muna
Trog
Uskayaw
Vehumet
Wu Jian
Xom
Yredelemnul
Zin
The Shining One

Shops:
D:2 [   D:7 =   D:8 :   D:9 (

Annotations:
D:10 3 runed translucent doors, eelars's ghost, novice MiFi


Innate Abilities, Weirdness & Mutations

You are amphibious.
You cover ground slowly.
You can hop long distances.
You have an extended range of vision and can be seen from far away.


Message History

The catoblepas gores you!!
You slip backwards!
You hit the catoblepas but do no damage.
The catoblepas is lightly wounded.
The catoblepas breathes a plume of calcifying dust at you.
The blast of calcifying dust hits you but does no damage.
Unknown command.
The bush is no longer petrified.
The catoblepas breathes a plume of calcifying dust at you.
The blast of calcifying dust hits you.
Unknown command.
The yak stops moving altogether!
The catoblepas breathes a plume of calcifying dust at you.
The blast of calcifying dust hits you but does no damage.
Unknown command.
The catoblepas breathes a plume of calcifying dust at you.
The blast of calcifying dust hits you!
The yak gores the bush.
Unknown command.
You hit the catoblepas. You burn the catoblepas.
The catoblepas is lightly wounded.
The yak is engulfed in calcifying dust.
The yak is moving more slowly.
You slash the catoblepas! You burn the catoblepas.
You punch the catoblepas, but do no damage.
The catoblepas is heavily wounded.
The catoblepas gores you!!
* * * LOW HITPOINT WARNING * * *
You slip backwards!
You slash the catoblepas! You burn the catoblepas.
The catoblepas is severely wounded.
The catoblepas breathes a plume of calcifying dust at you.
The blast of calcifying dust hits you but does no damage.
You feel much better.
You are engulfed in calcifying dust.
You are slowing down.
The catoblepas gores you!!
* * * LOW HITPOINT WARNING * * *
You slip backwards!
You slash the catoblepas! You burn the catoblepas.
The catoblepas is almost dead.
You are engulfed in calcifying dust.
Your limbs have turned to stone.
The catoblepas gores you!!
You die...

.....).....#.+#..#......##### #
...........P.....#........P.#####
.........(...........^...........
........................####..##.
.............)...........# ####..
..P.#+..............<...## #..
................Y...###.# ##.
...........#.###Y...###.## ##.
................@..§##...# #..
................§..####..# ##.
.......#.#.#....§..# #..## ##.
...................###..## #..
P#..#...............###..# #..
.........P....#......##÷## ##.
..........P..##.....###.# ###..
...................####.#####.##.
....................##...........


You could see a catoblepas and a yak (petrifying).

Vanquished Creatures
  A dire elephant (Lair:1)
  3 hydras
  A boulder beetle (D:11)
  3 two-headed ogres
  Erica (D:11)
  2 skysharks
  An oklob plant (Lair:1)
  A salamander (Lair:2)
  3 cyclopes (D:11)
  4 elephants
  Joseph (D:8)
  2 black mambas (Lair:2)
  8 cane toads
  4 rime drakes
  7 komodo dragons
  14 blink frogs
  3 dream sheep
  A shadow (D:11)
  3 wyverns
  20 yaks
  2 basilisks
  A swamp worm (Lair:2)
  3 acid dragons
  6 water moccasins
  2 ice beasts (D:7)
  A swamp drake (D:9)
  4 orc warriors
  5 black bears
  An ogre (D:3)
  8 wolves
  5 centaurs
  2 kobold brigands
  2 elf zombies (Ossuary)
  7 bullfrogs
  A gnoll sergeant (D:7)
  4 scorpions (D:5)
  5 wights (D:7)
  12 killer bees
  An electric eel (Lair:1)
  2 howler monkeys
  3 lava snakes (Lair:2)
  A centaur zombie (Ossuary)
  4 orc priests
  6 gnoll boudas
  7 hounds
  A human zombie (Ossuary)
  2 jellies (D:7)
  A sleepcap (D:7)
  Natasha (thrice) (D:3)
  2 iguanas
  11 orc wizards
  A hound zombie (Ossuary)
  3 mummies (Ossuary)
  27 gnolls
  10 adders
  6 shadow imps
  2 white imps (D:6)
  3 ufetubi
  4 adder zombies (Ossuary)
  2 worms
  5 dart slugs
  38 orcs
  2 bats (D:3)
  7 endoplasms
  4 giant cockroaches
  8 goblins
  9 hobgoblins
  3 jackals (D:1)
  17 kobolds
  3 quokkas
  6 ball pythons
  2 frilled lizards
  2 gnoll zombies (Ossuary)
  5 goblin zombies (Ossuary)
  7 hobgoblin zombies (Ossuary)
  2 jackal zombies (Ossuary)
  4 kobold zombies (Ossuary)
  An orc zombie (Ossuary)
  5 rats
  3 rat zombies (Ossuary)
  A bush (D:3)
390 creatures vanquished.

Vanquished Creatures (others)
  An orc wizard (D:9)
  9 fungi
  36 plants
  11 toadstools (Lair:1)
57 creatures vanquished.

Grand Total: 447 creatures vanquished

Notes
Turn   | Place    | Note
-------+----------+-------------------------------------------
     0 | D:1      | sanka the Barachi Enchanter began the quest for the Orb.
     0 | D:1      | Reached XP level 1. HP: 13/13 MP: 3/3
    22 | D:1      | Reached skill level 1 in Fighting
   123 | D:1      | Reached XP level 2. HP: 21/21 MP: 5/5
   632 | D:1      | Reached skill level 2 in Fighting
   873 | D:2      | Reached XP level 3. HP: 25/27 MP: 6/6
  1023 | D:2      | Found Isid's Antique Armour Emporium.
  1197 | D:2      | Identified the +1 falchion of Annoyance {holy, rCorr Int+4}
  1303 | D:2      | Reached XP level 4. HP: 32/34 MP: 7/7
  1702 | D:3      | Noticed Natasha
  1710 | D:3      | Killed Natasha
  1711 | D:3      | Reached skill level 3 in Fighting
  1711 | D:3      | Reached skill level 1 in Long Blades
  1810 | D:3      | Found a burning altar of Makhleb.
  1819 | D:3      | Identified the +0 ring mail of the Aged Tales {Str-2 Dex+3}
  2129 | D:3      | Noticed Natasha
  2140 | D:3      | Killed Natasha
  2141 | D:3      | Reached XP level 5. HP: 27/41 MP: 8/8
  2144 | D:3      | Noticed Natasha
  2229 | D:3      | Killed Natasha
  2326 | D:3      | Noticed an ogre
  2340 | D:3      | Killed an ogre
  2341 | D:3      | Reached skill level 4 in Fighting
  2341 | D:3      | Reached XP level 6. HP: 18/48 MP: 9/9
  2662 | D:3      | Found a faded altar of an unknown god.
  2670 | D:3      | Got Plato's Reference Book on the Sphinx
  2740 | D:3      | Got the Anthology of Bringing Forth
  3100 | D:2      | HP: 2/49 [orc/+1 flail of holy wrath (8)]
  4768 | D:4      | Reached skill level 5 in Dodging
  4871 | D:4      | Reached XP level 7. HP: 48/55 MP: 10/10
  4927 | D:4      | Found a shimmering blue altar of Sif Muna.
  5458 | D:5      | Entered Level 5 of the Dungeon
  5638 | D:5      | Reached skill level 5 in Fighting
  5746 | D:5      | Reached skill level 5 in Long Blades
  5778 | D:5      | HP: 1/56 [iguana (7)]
  5933 | D:5      | Found a sand-covered staircase.
  5941 | Ossuary  | Entered an ossuary
  6133 | Ossuary  | Reached XP level 8. HP: 40/64 MP: 11/11
  6331 | Ossuary  | Reached skill level 6 in Fighting
  7297 | D:6      | Identified the +2 robe of Distant Worlds {rC++}
  7548 | D:6      | Found a staircase to the Ecumenical Temple.
  7558 | Temple   | Entered the Ecumenical Temple
  8609 | D:6      | Reached skill level 7 in Fighting
  8643 | D:6      | Reached XP level 9. HP: 68/72 MP: 12/12
  9460 | D:7      | Identified the +0 robe "Zotroig" {rF+}
 10048 | D:7      | Reached skill level 8 in Fighting
 10345 | D:7      | Found Mebonun's Jewellery Shop.
 10462 | D:7      | Reached skill level 10 in Long Blades
 10802 | D:8      | Noticed Joseph
 11075 | D:8      | Found Teochorch's Vocational Training.
 11899 | D:8      | Reached XP level 10. HP: 78/82 MP: 13/13
 12211 | D:8      | Killed Joseph
 12339 | D:9      | Noticed a two-headed ogre
 12362 | D:9      | Killed a two-headed ogre
 12363 | D:9      | Reached skill level 9 in Fighting
 12782 | D:9      | HP: 2/83 [acid dragon/splash of acid (23)]
 13226 | D:9      | Found Cutool's Antique Weapon Shop.
 13339 | D:9      | Found an iron altar of Okawaru.
 13339 | D:9      | Found a radiant altar of Vehumet.
 13411 | D:9      | Became a worshipper of Vehumet
 14261 | D:9      | Found a staircase to the Orcish Mines.
 14624 | D:10     | Entered Level 10 of the Dungeon
 14776 | D:10     | Found a basalt altar of Yredelemnul.
 14838 | D:10     | Found a shadowy altar of Dithmenos.
 14866 | D:10     | Noticed a two-headed ogre
 14899 | D:10     | Killed a two-headed ogre
 14900 | D:10     | Reached skill level 10 in Fighting
 15260 | D:10     | Reached XP level 11. HP: 90/90 MP: 14/14
 15538 | D:10     | Reached * piety under Vehumet
 15538 | D:10     | Offered knowledge of Freeze by Vehumet.
 15541 | D:10     | Learned a level 1 spell: Freeze
 15678 | D:10     | Found a runed translucent gate.
 15678 | D:10     | Found a runed translucent gate.
 15679 | D:10     | Found a runed translucent gate.
 15680 | D:10     | Noticed eelars's ghost (novice MiFi)
 16256 | D:10     | Reached skill level 1 in Ice Magic
 16449 | D:11     | Noticed a cyclops
 16468 | D:11     | Killed a cyclops
 16469 | D:11     | Reached skill level 10 in Dodging
 16651 | D:11     | Noticed a cyclops
 16790 | D:11     | Noticed a cyclops
 16827 | D:11     | Killed a cyclops
 17129 | D:11     | Noticed a boulder beetle
 17170 | D:11     | Killed a boulder beetle
 17178 | D:11     | Reached skill level 11 in Fighting
 17504 | D:11     | Found a staircase to the Lair.
 17608 | D:11     | Killed a cyclops
 17689 | D:11     | Identified the +6 war axe of the Neverending Lives {flame,
                  | *Noise rN++ Str+3 SInv}
 17726 | D:11     | Noticed a two-headed ogre
 17735 | D:11     | Killed a two-headed ogre
 17895 | D:2      | Bought the +2 pair of slick slippers {slick, slippery,
                  | EV+4} for 919 gold pieces
 17895 | D:2      | Found the +2 pair of slick slippers {slick, slippery, EV+4}
 18261 | Lair:1   | Entered Level 1 of the Lair of Beasts
 18392 | Lair:1   | Noticed a seven-headed hydra
 18394 | Lair:1   | Noticed Erica
 18714 | D:11     | Killed Erica
 18715 | D:11     | Reached skill level 5 in Ice Magic
 18786 | D:11     | Reached XP level 12. HP: 94/102 MP: 15/15
 18858 | D:11     | Reached skill level 12 in Fighting
 19091 | Lair:1   | Killed a two-headed hydra
 19223 | Lair:1   | Reached ** piety under Vehumet
 19318 | Lair:1   | Offered knowledge of Magic Dart by Vehumet.
 19456 | Lair:1   | Identified the +7 war axe "Ishoroel" {spect, Will- Dex+5}
 19858 | Lair:1   | Noticed a six-headed hydra
 19886 | Lair:1   | Killed a two-headed hydra
 20031 | Lair:1   | Noticed a dire elephant
 20031 | Lair:1   | Noticed a dire elephant
 20046 | Lair:1   | Found a runed translucent door.
 20289 | Lair:1   | Reached skill level 13 in Fighting
 20359 | Lair:1   | Killed a dire elephant
 21259 | Lair:2   | Found a staircase to the Snake Pit.
 21327 | Lair:2   | Gained mutation: You can hop long distances. [Barachi
                  | growth]
 21327 | Lair:2   | Reached XP level 13. HP: 82/112 MP: 16/16
 21723 | Lair:2   | Offered knowledge of Mephitic Cloud by Vehumet.
 21793 | Lair:2   | Found a staircase to the Swamp.
 22040 | Lair:3   | Reached skill level 14 in Fighting
 23145 | Lair:2   | Found a staircase to the Swamp.
 23200 | Lair:2   | Found a staircase to the Snake Pit.
 24105 | Lair:3   | Slain by a catoblepas

Illustrated notes

Levels and vault maps discovered:
D:1:      psy_arrival_spokes, layout_basic, st_stairs_5
D:2:      layout_loops_ring, serial_shops,
          nicolae_shop_temple_entry_statues_fountains, kennysheep_generic_room_7
D:3:      layout_loops_corners, mainiacjoe_overflow_six_doors_small,
          serial_forest, infiniplex_forest_end_2, infiniplex_forest_clump_long,
          infiniplex_forest_straight_4, infiniplex_forest_clump_small,
          infiniplex_forest_clump_long, infiniplex_forest_straight_5,
          infiniplex_forest_side_room, infiniplex_forest_split,
          infiniplex_forest_straight_5, infiniplex_forest_straight_3,
          shapermc_ecumenical_altar_rom_forum, uniq_natasha
D:4:      layout_basic, old_standard_altar
D:5:      layout_basic, serial_glass, glass_columns_a, glass_columns_c,
          chequers_ossuary_entry_cave
D:6:      layout_loops_corners, temple_pool_b, serial_demonic, serial_demonic_b,
          serial_demonic_a, serial_demonic_f, serial_demonic_e, chequers_avenue
D:7:      layout_basic, serial_shops, nicolae_shop_back_alley_shop
D:8:      layout_loops_ring, nicolae_shop_vocational, uniq_joseph
D:9:      layout_irregular_city, chequers_temple_overflow_statue_of_worship,
          erik_orc_1, serial_shops, shop
D:10:     layout_loops_corners, mainiacjoe_overflow_catwalk_spiral,
          gammafunk_ghost_spectres
D:11:     layout_loops_ring, lair_entry_dummy
Temple:   compressed_dpeg_triangle_lava_temple
Lair:1:   gammafunk_lair_enchanted_lake, layout_misc_corridors,
          minmay_lair_oklob_items, lemuel_fruit_tree, uniq_erica
Lair:2:   layout_roguey, minmay_swamp_entry_worms,
          nicolae_snake_entry_warm_welcome
Lair:3:   layout_chaotic_city

Skill      XL: |  1  2  3  4  5  6  7  8  9 10 11 12 13 |
---------------+----------------------------------------+-----
Fighting       | 1 2 3 4 5 7 8 10 11 13 14 | 14.8
Dodging        | 3 4 5 6 8 9 11 12 13 | 13.8
Long Blades    | 1 2 4 6 8 10 13 | 13.9
Ice Magic      | 5 9 |  9.0
Spellcasting   | 3 |  3.0
Short Blades   | |  1.1
Stealth        | |  2.6
Hexes          | |  3.2

Action                     |  1- 3 |  4- 6 |  7- 9 | 10-12 | 13-15 || total
---------------------------+-------+-------+-------+-------+-------++-------
  Melee: Dagger            |    20 |       |       |       |       ||    20
         Flail             |    83 |       |       |       |       ||    83
         Falchion          |    16 |   260 |   138 |   186 |       ||   600
         Punch             |     1 |     7 |    11 |    12 |     5 ||    36
         Long sword        |       |    48 |   565 |   471 |       ||  1084
         Scimitar          |       |       |       |   259 |   166 ||   425
  Throw: Dart              |       |       |       |    11 |       ||    11
   Cast: Freeze            |       |       |       |     4 |       ||     4
Ability: Hop               |       |     2 |     2 |     3 |       ||     7
  Evoke: Wand              |       |     4 |    16 |     9 |       ||    29
    Use: Potion            |       |       |     1 |     2 |     1 ||     4
         Scroll            |       |       |       |     9 |     3 ||    12
   Stab: Sleeping          |       |     4 |     1 |     3 |       ||     8
         Invisible         |       |       |     2 |       |       ||     2
 Armour: Robe              |    11 |       |   113 |   162 |    53 ||   339
         Ring mail         |    37 |    55 |    85 |       |       ||   177
  Dodge: Dodged            |    76 |   138 |   494 |   568 |   134 ||  1410
  Block: Other             |       |       |    38 |   171 |    27 ||   236
         Reflection        |       |       |     2 |     2 |       ||     4
